 Dungeon Crawl Stone Soup version 0.28.0-53-g5a82cb258f (webtiles) character file.

Game seed: 2948112603397847448

1462 unlimited1921 the Magician (level 8, -1/54 HPs)
             Began as a Demonspawn Fire Elementalist on Aug 5, 2022.
             Was an Initiate of Qazlal.
             Slain by a red ugly thing (16 damage)
             ... on level 6 of the Dungeon on Aug 6, 2022.
             The game lasted 00:42:03 (9338 turns).

unlimited1921 the Magician (DsFE)                   Turns: 9338, Time: 00:42:03

Health: -1/54      AC:  6    Str:  9    XL:     8   Next: 48%
Magic:  0/16       EV: 12    Int: 18    God:    Qazlal [......]
Gold:   22         SH:  0    Dex: 14    Spells: 4/18 levels left

rFire   . . .      SeeInvis .   r - +3 quarterstaff (chaos)
rCold   . . .      Faith    .   (shield currently unavailable)
rNeg    . . .      Spirit   +   a - +0 robe
rPois   .          Reflect  .   (helmet restricted)
rElec   .          Harm     .   s - +0 cloak
rCorr   +          Rampage  .   e - +0 pair of gloves
Will    +....                   b - +0 pair of boots
Stlth   ++........              (no amulet)
HPRegen 0.18/turn               o - ring of resist corrosion
MPRegen 0.30/turn               i - ring of willpower

@: no status effects
A: antennae 1, rugged brown scales 1, magic shield, magic regeneration,
condensation shield
a: Renounce Religion


You were on level 6 of the Dungeon.
You worshipped Qazlal.
Qazlal was noncommittal.
You visited 2 branches of the dungeon, and saw 7 of its levels.

You collected 217 gold pieces.
You spent 195 gold pieces at shops.

Inventory:

Hand Weapons
 d - a +1 dagger of speed
 g - a +4 short sword of freezing
 p - a +0 hunting sling
 r - a +3 quarterstaff of chaos (weapon)
Missiles
 c - 156 stones
 w - 7 javelins (quivered)
 D - 2 silver boomerangs
 H - 2 poisoned darts
Armour
 a - a +0 robe (worn)
 b - a +0 pair of boots (worn)
 e - a +0 pair of gloves (worn)
 m - a +0 leather armour
 n - a +0 ring mail
 s - a +0 cloak (worn)
Magical Staves
 l - a staff of air
 u - a staff of death
Jewellery
 i - a ring of willpower (right hand)
 o - a ring of resist corrosion (left hand)
Wands
 f - a wand of paralysis (4)
 C - a wand of acid (4)
Scrolls
 j - a scroll of fear
 k - 2 scrolls of enchant weapon
 v - 3 scrolls of immolation {unknown}
 y - 4 scrolls of teleportation {unknown}
 z - a scroll of brand weapon {unknown}
 F - a scroll of summoning
 G - a scroll of amnesia {unknown}
 I - a scroll of noise {unknown}
Potions
 h - 3 potions of mutation
 q - a potion of lignification
 t - 3 potions of might
 x - a potion of curing {unknown}
 A - a potion of haste {unknown}
 B - a potion of ambrosia {unknown}
 E - a potion of flight {unknown}


   Skills:
 + Level 0.8 Fighting
 + Level 0.5 Short Blades
 + Level 0.5 Staves
 + Level 2.4 Dodging
 + Level 3.4 Stealth
 + Level 5.7 Spellcasting
 + Level 3.7 Conjurations
 * Level 3.7 Hexes
 + Level 5.6 Fire Magic


You had 4 spell levels left.
You knew the following spells:

 Your Spells              Type           Power      Damage    Failure   Level
a - Foxfire               Conj/Fire      88%        2x1d8     1%          1
b - Scorch                Fire           50%        2d8       1%          2
c - Inner Flame           Hex/Fire       22%        N/A       5%          3
d - Flame Wave            Conj/Fire      22%        2d7       19%         4
e - Fulminant Prism       Conj/Hex       9%         3d7       26%         4

Your spell library contained the following spells:

 Spells                   Type           Power      Damage    Failure   Level
 Conjure Flame            Conj/Fire      22%        6-21      5%          3
 Iskenderun's Mystic Bla  Conj/Tloc      11%        2d4       50%         4
 Lee's Rapid Deconstruct  Erth           2%         3d6*      98%         5


Dungeon Overview and Level Annotations

Branches:
Dungeon (6/15)             Temple (1/1) D:5

Altars:
Ashenzari
Cheibriados
Dithmenos
Elyvilon
Fedhas
Hepliaklqana
Makhleb
Qazlal
Ru
Trog
Vehumet
Wu Jian
Yredelemnul
Zin
The Shining One
Ignis

Shops:
D:2 (   D:4 ?   D:5 *


Innate Abilities, Weirdness & Mutations

You have a pair of small antennae on your head.
You are partially covered in rugged brown scales. (AC +1, +3% HP)
When hurt, damage is shared between your health and your magic reserves.
You regenerate magic rapidly.
A meltable shield of frost defends you. (SH +0)


Message History

Your howler monkey zombie is engulfed in flames!!
Your howler monkey zombie is destroyed!
Your howler monkey zombie dissolves into shadows!
Your sky beast hits the red ugly thing.
Flame seeps out of the red ugly thing.
Your sky beast shocks the red ugly thing.
Flame seeps out of the red ugly thing.
The wraith hits your white imp.
Your white imp dies!
Your white imp dissolves into shadows!
The adder bites your sky beast.
The red ugly thing is engulfed in blazing flames.
Flame seeps out of the red ugly thing.
Your sky beast hits the adder.
Your sky beast shocks the adder.
Casting: Foxfire (safe; 1% risk of failure)
Confirm with . or Enter, or press ? or * to list all spells.
Flames lash the red ugly thing.
The red ugly thing resists.
Flame seeps out of the red ugly thing.
The red ugly thing is heavily wounded.
The red ugly thing's fire resistance burns away.
The adder barely misses your sky beast.
The red ugly thing is engulfed in blazing flames.
Flame seeps out of the red ugly thing.
Your sky beast hits the adder.
The adder dies!
Qazlal accepts your kill.
The red ugly thing is no longer more vulnerable to fire.
The red ugly thing kicks you but does no damage.
Your sky beast barely misses the red ugly thing.
The wraith hits your sky beast.
Your sky beast hits the red ugly thing.
Flame seeps out of the red ugly thing.
Your sky beast shocks the red ugly thing.
Flame seeps out of the red ugly thing.
The wraith hits your sky beast.
The wraith drains your sky beast's vigour!
Your sky beast seems to slow down.
The red ugly thing is engulfed in blazing flames.
Flame seeps out of the red ugly thing.
The wraith hits your sky beast.
The wraith drains your sky beast's vigour!
Your sky beast seems to slow down.
The red ugly thing kicks you!
* * * LOW HITPOINT WARNING * * *
You are engulfed in flames!!
You die...

###...# #.....#
#<#...# #.#...#
#.#...# #.#...#
#†#...# #.....#
#.@..W# #..uY.#
###..
#.###.°.#.....#
#........!.....
.................
#################


You could see a red ugly thing (inner flame, ally target), a wraith and a
friendly sky beast (summoned, slow).

Vanquished Creatures
  Grinder (D:3)
  Sigmund (D:2)
  2 black bears
  An ogre (D:4)
  A scorpion (D:5)
  A centaur zombie (D:5)
  2 gnoll shamans
  2 orc priests
  Crazy Yiuf (D:3)
  2 hounds (D:5)
  Jessica (D:3)
  2 iguanas (D:5)
  2 orc wizards (D:5)
  A hound zombie (D:5)
  3 hound skeletons
  Robin (D:4)
  22 gnolls
  2 adders
  An ufetubus (D:4)
  2 dart slugs
  3 worms
  13 orcs
  8 endoplasms
  3 giant cockroaches
  12 goblins
  8 hobgoblins
  8 kobolds
  7 quokkas
  9 ball pythons
  7 bats
  A frilled lizard (D:1)
  4 rats
134 creatures vanquished.

Vanquished Creatures (collateral kills)
  An adder (D:6)
1 creature vanquished.

Vanquished Creatures (others)
  372 foxfires
  A fulminant prism (D:6)
373 creatures vanquished.

Grand Total: 508 creatures vanquished

Notes
Turn   | Place    | Note
-------+----------+-------------------------------------------
     0 | D:1      | unlimited1921 the Demonspawn Fire Elementalist began the
                  | quest for the Orb.
     0 | D:1      | Reached XP level 1. HP: 13/13 MP: 3/3
   423 | D:1      | Gained mutation: You have a pair of small antennae on your
                  | head. [demonic ancestry]
   423 | D:1      | Reached XP level 2. HP: 14/19 MP: 0/5
  2023 | D:2      | Gained mutation: You regenerate magic rapidly. [demonic
                  | ancestry]
  2023 | D:2      | Reached XP level 3. HP: 22/24 MP: 6/6
  2663 | D:2      | Noticed Sigmund
  2679 | D:2      | Found Myteh's Weapon Emporium.
  2697 | D:2      | Learned a level 2 spell: Scorch
  2701 | D:2      | Learned a level 3 spell: Inner Flame
  2791 | D:2      | Killed Sigmund
  2792 | D:2      | Gained mutation: You are partially covered in rugged brown
                  | scales. (AC +1, +3% HP) [demonic ancestry]
  2792 | D:2      | Reached XP level 4. HP: 5/30 MP: 3/8
  2792 | D:2      | Reached XP level 5. HP: 6/36 MP: 3/9
  3769 | D:3      | Noticed Grinder
  3775 | D:3      | Paralysed by Grinder for 7 turns
  3790 | D:3      | Paralysed by Grinder for 2 turns
  3817 | D:3      | Killed Grinder
  3818 | D:3      | Reached skill level 1 in Hexes
  3818 | D:3      | Reached XP level 6. HP: 30/43 MP: 0/11
  3911 | D:3      | Found a runed translucent door.
  3912 | D:3      | Noticed Crazy Yiuf
  4927 | D:3      | Found a blossoming altar of Fedhas.
  4976 | D:3      | Gained mutation: When hurt, damage is shared between your
                  | health and your magic reserves. [demonic ancestry]
  4976 | D:3      | Reached XP level 7. HP: 48/48 MP: 5/13
  5706 | D:3      | Noticed Jessica
  5710 | D:3      | Killed Jessica
  5886 | D:3      | Killed Crazy Yiuf
  6026 | D:4      | Noticed Robin
  6028 | D:4      | Killed Robin
  6220 | D:4      | Found Igugom's Magic Scroll Shoppe.
  6266 | D:4      | Bought a scroll of identify for 20 gold pieces
  6266 | D:4      | Bought a scroll of identify for 20 gold pieces
  6266 | D:4      | Bought a scroll of identify for 20 gold pieces
  7105 | D:4      | Found a snail-covered altar of Cheibriados.
  7721 | D:5      | Entered Level 5 of the Dungeon
  7731 | D:5      | Gained mutation: A meltable shield of frost defends you.
                  | (SH +0) [demonic ancestry]
  7731 | D:5      | Reached XP level 8. HP: 50/54 MP: 1/15
  7813 | D:4      | Reached skill level 5 in Fire Magic
  7848 | D:4      | Reached skill level 5 in Spellcasting
  8258 | D:5      | Found Ocuzail's Assorted Antiques.
  8778 | D:5      | Bought a scroll of identify for 46 gold pieces
  8778 | D:5      | Bought a scroll labelled BIR MAOTULUU for 23 gold pieces
  8778 | D:5      | Bought a viscous puce potion for 20 gold pieces
  8778 | D:5      | Bought a scroll labelled BOLYJA LITTUGE for 23 gold pieces
  8778 | D:5      | Bought a scroll labelled MIDIWI VUBB for 23 gold pieces
  9016 | D:5      | Found a staircase to the Ecumenical Temple.
  9161 | Temple   | Entered the Ecumenical Temple
  9267 | Temple   | Became a worshipper of Qazlal Stormbringer
  9303 | D:6      | Noticed a red ugly thing
  9312 | D:6      | Learned a level 4 spell: Flame Wave
  9317 | D:6      | Learned a level 4 spell: Fulminant Prism
  9338 | D:6      | Slain by a red ugly thing

Illustrated notes

Levels and vault maps discovered:
D:1:      minmay_arrival_four_houses, layout_basic, grunt_decor_mini_mirrors
D:2:      layout_loops_ring, serial_shops, shop, uniq_sigmund
D:3:      layout_basic, fedhas_altar_2, kennysheep_generic_room_8, uniq_grinder,
          uniq_jessica, uniq_crazy_yiuf_cottage
D:4:      layout_loops_ring, mainiacjoe_overflow_large_starburst, serial_shops,
          nicolae_shop_advertising_works [nicolae_subvault_shop_adworks],
          uniq_robin
D:5:      layout_rooms, minmay_temple_entry_glassed_door, serial_shops,
          nicolae_shop_stone
D:6:      kennysheep_spiral_hall, layout_basic,
          gammafunk_temple_overflow_forgotten, gammafunk_ghost_split,
          kennysheep_generic_room_2
Temple:   pdpol_scorched_temple

Skill      XL: |  1  2  3  4  5  6  7  8 |
---------------+-------------------------+-----
Stealth        | 2 3 |  3.4
Fire Magic     | 3 4 5 |  5.6
Dodging        | 2 |  2.4
Spellcasting   | 3 4 5 |  5.7
Conjurations   | 2 3 |  3.7
Hexes          | 1 2 3 |  3.7
Fighting       | |  0.8
Short Blades   | |  0.5
Staves         | |  0.5

Action                   |  1- 3 |  4- 6 |  7- 9 || total
-------------------------+-------+-------+-------++-------
Melee: Short sword       |    27 |     2 |       ||    29
       Quarterstaff      |       |       |    25 ||    25
 Cast: Foxfire           |    72 |    61 |   102 ||   235
       Scorch            |       |     6 |    37 ||    43
       Inner Flame       |       |     4 |    27 ||    31
       Fulminant Prism   |       |       |     1 ||     1
  Use: Scroll            |       |       |     7 ||     7
 Stab: Sleeping          |       |       |     1 ||     1
Armor: Robe              |     9 |     6 |    12 ||    27
Dodge: Dodged            |    26 |     7 |    33 ||    66
Block: Other             |       |       |     3 ||     3
